 Dungeon Crawl Stone Soup version 0.17-a0-2073-gde5cdba (webtiles) character file.

41905 derrpe the Destroyer (level 13, -1/95 HPs)
             Began as a Mummy Fire Elementalist on Oct 15, 2015.
             Was a High Priest of Vehumet.
             Slain by a death yak (25 damage)
             ... on level 6 of the Lair of Beasts.
             The game lasted 00:56:01 (29365 turns).

derrpe the Destroyer (Mummy Fire Elementalist)     Turns: 29365, Time: 00:56:02

Health: -1/95      AC:  6    Str: 11    XL:     13   Next: 82%
Magic:  9/31       EV: 14    Int: 26    God:    Vehumet [*****.]
Gold:   1125       SH:  0    Dex: 14    Spells: 7 memorised, 3 levels left

rFire  . . .     SeeInvis .     f - +5 scythe "Luad" {freeze, rElec Int+3}
rCold  + . .     Clarity  .     H - +0 leather armour {rF+}
rNeg   + + +     SustAt   .     (no shield)
rPois  ∞         Gourm    .     t - +0 helmet {Int+3}
rElec  +         Spirit   .     (no cloak)
rCorr  .         Warding  .     i - +1 pair of gloves
rMut   .         Stasis   .     (no boots)
MR     +....                    s - amulet of faith
Stlth  ++........               E - +2 ring of dexterity
                                j - ring of magical power

@: delayed fireball, repel missiles, somewhat resistant to hostile enchantments,
unstealthy
A: no food or potions, fire vulnerability, cold resistance 1, negative energy
resistance 3, torment resistance, unbreathing, in touch with death 1, restore
body
a: Self-Restoration, Renounce Religion, Release Delayed Fireball


You were on level 6 of the Lair of Beasts.
You worshipped Vehumet.
Vehumet was extremely pleased with you.
You were not hungry.

You visited 2 branches of the dungeon, and saw 14 of its levels.

You collected 1228 gold pieces.
You spent 103 gold pieces at shops.

Inventory:

Hand Weapons
 b - a +0 shortbow
 f - the +5 scythe "Luad" (weapon) {freeze, rElec Int+3}
   (You found it on level 2 of the Lair of Beasts)

   It has been specially enchanted to freeze those struck by it, causing extra
   injury to most foes and up to half again as much damage against particularly
   susceptible opponents.
   It can also slow down cold-blooded creatures.
   It affects your intelligence (+3).
   It insulates you from electricity.
Missiles
 l - 8 curare-tipped needles
 n - 4 exploding tomahawks
 o - 12 tomahawks (quivered)
 r - 33 poisoned needles
 A - 4 needles of paralysis
 K - 9 javelins
Armour
 i - a +1 pair of gloves (worn)
 t - a +0 helmet of intelligence (worn)
 y - a +0 buckler
 H - a +0 leather armour of fire resistance (worn)
Jewellery
 j - a ring of magical power (left hand)
 s - an amulet of faith (around neck)
 E - a +2 ring of dexterity (right hand)
Wands
 a - a wand of confusion (10)
 g - a wand of polymorph (5)
 q - a wand of slowing (20)
 x - a wand of cold (13)
 B - a wand of cold (0)
Scrolls
 c - 10 scrolls of identify
 d - 3 scrolls of remove curse
 e - 5 scrolls of enchant weapon
 h - 4 scrolls of enchant armour
 k - 2 scrolls of fear
 m - a scroll of blinking
 v - a scroll of magic mapping
 w - 2 scrolls of recharging
 J - 2 scrolls of teleportation
Books
 p - a book of Battle

   Spells                             Type                      Level
   a - Infusion                       Charms                       1
   b - Shroud of Golubria             Charms/Translocation         2
   c - Song of Slaying                Charms                       2
   d - Spectral Weapon                Hexes/Charms                 3
   e - Regeneration                   Charms/Necromancy            3
 F - a book of Flames

   Spells                             Type                      Level
   a - Flame Tongue                   Conjuration/Fire             1
   b - Throw Flame                    Conjuration/Fire             2
   c - Conjure Flame                  Conjuration/Fire             3
   d - Inner Flame                    Hexes/Fire                   3
   e - Sticky Flame                   Conjuration/Fire             4
   f - Fireball                       Conjuration/Fire             5


   Skills:
 + Level 6.6 Fighting
 + Level 5.8 Dodging
 - Level 1.5 Stealth
 + Level 6.6 Spellcasting
 * Level 12.8 Conjurations
 * Level 12.4 Fire Magic


You had 3 spell levels left.
You knew the following spells:

 Your Spells              Type           Power        Failure   Level  Hunger
a - Iskenderun's Mystic   Conj           ######..     1%          4    N/A
b - Conjure Flame         Conj/Fire      ######..     1%          3    N/A
c - Sticky Flame          Conj/Fire      ######..     1%          4    N/A
d - Repel Missiles        Chrm/Air       #.....       14%         2    N/A
e - Delayed Fireball      Conj/Fire      N/A          13%         7    N/A
f - Fireball              Conj/Fire      ######....   1%          5    N/A
g - Blink                 Tloc           N/A          14%         2    N/A

Dungeon Overview and Level Annotations

Branches:
Dungeon (8/15)             Temple (0/1) D:5            Lair (6/8) D:8
 Shoals (0/4) Lair:6        Snake (0/4) Lair:5
  Slime: Lair:6-8

Altars:
Ashenzari
Cheibriados
Dithmenos
Fedhas
Makhleb
Nemelex Xobeh
Qazlal
Vehumet
Xom
Zin
The Shining One

Shops:
D:5 [   D:7 [


Innate Abilities, Weirdness & Mutations

You do not eat or drink.
Your flesh is vulnerable to fire.
You are immune to poison.
Your flesh is cold resistant.
You are immune to negative energy.
You are immune to unholy pain and torment.
You can survive without breathing.
You are in touch with the powers of death.
You can restore your body by infusing magical energy.


Message History

The death yak gores you!
Casting: Fireball
Confirm with . or Enter, or press ? or * to list all spells.
Aiming: Sticky Flame
Press: ? - help, Shift-Dir - straight line, f/p - death yak
Aim: a death yak (heavily wounded)
The sticky flame hits the death yak.
The death yak is heavily wounded.
The death yak is covered in liquid flames!
The death yak burns!
The death yak gores you!
* * * LOW HITPOINT WARNING * * *
The death yak closely misses you.
Unknown command.
The death yak burns!
The death yak burns!
The death yak burns!
The death yak burns!
The death yak burns!
The death yak stops burning.
The death yak gores you!!
You die...

................##
.###......##.P.PP#
..###...####P#P..### ###
###.....## ####.#..####.##
##.P.....# #..##.##....#
.#.......#####.........P.##
...........##..P.###.##P..#
.##......>.##.^#########..#
#.#........###..@Y###.....#####
.....%.........P.Y.......###..##
............##.P.........##....##
.###.......##./.................#
## ##....###.#.#...#.P.#..#.#...#
####......###...####....##..##..#
#.....P..## ##..## ###..######..#
.......#..###P.#.# #...## #...#
.........#.###..## ###...# #..P#


You could see 2 death yaks.

Vanquished Creatures
  Fannar (Lair:1)
  7 hydras
  5 death yaks
  Urug (Lair:2)
  Pikel (D:4)
  A manticore (Lair:6)
  4 griffons
  Joseph (D:7)
  16 elephants
  5 black mambas
  11 spiny frogs
  A torpor snail (Lair:4)
  8 komodo dragons
  A fire drake (Lair:2)
  A two-headed ogre (D:8)
  A polar bear (Lair:6)
  Prince Ribbit (D:5)
  19 blink frogs
  A spriggan (D:7)
  The ghost of evilmojo the Covered, an amateur MiFi of Elyvilon (D:5)
  A wyvern (Lair:6)
  31 yaks
  6 hippogriffs
  6 nagas (Lair:5)
  4 water moccasins
  5 porcupines
  2 orc warriors (D:6)
  4 slaves
  3 black bears (Lair:2)
  2 sky beasts
  3 phantoms
  2 ogres
  5 centaurs
  12 crocodiles
  The ghost of Rayvis the Sneak, an amateur OpAs (D:3)
  18 giant frogs
  7 killer bees (D:8)
  4 scorpions
  3 wights
  A quasit (D:8)
  A giant frog zombie (D:6)
  An electric eel (Lair:2)
  A crimson imp (D:5)
  4 giant frog skeletons
  Ijyb (D:3)
  5 hounds
  3 iguanas
  7 orc wizards
  An orc priest (D:3)
  Natasha (thrice) (D:3)
  12 sheep (Lair:1)
  5 worker ants
  2 worker ant zombies
  55 river rats
  3 gnolls (D:5)
  3 shadow imps
  5 adders
  2 worms
  An adder zombie (D:8)
  An adder skeleton (D:4)
  7 giant geckos
  21 orcs
  4 giant cockroaches (D:3)
  8 goblins
  9 hobgoblins
  2 kobolds
  3 quokkas
  4 ball pythons
  7 bats
  A giant cockroach zombie (D:6)
  5 giant newts
  14 jackals
  A quokka skeleton (D:5)
  A quokka zombie (D:8)
  7 rats
  A bush (Lair:6)
  2 fungi
  A plant (Lair:5)
421 creatures vanquished.

Vanquished Creatures (others)
  A sky beast (D:5)
  22 fungi
  14 plants
37 creatures vanquished.

Grand Total: 458 creatures vanquished

Notes
Turn   | Place    | Note
--------------------------------------------------------------
     0 | D:1      | derrpe the Mummy Fire Elementalist began the quest for the Orb.
     0 | D:1      | Reached XP level 1. HP: 13/13 MP: 3/3
    65 | D:1      | Reached skill level 1 in Conjurations
   391 | D:1      | Reached XP level 2. HP: 10/19 MP: 1/5
  1938 | D:2      | Reached XP level 3. HP: 21/24 MP: 6/6
  2152 | D:2      | Found a burning altar of Makhleb.
  2177 | D:2      | You fall through a shaft!
  2195 | D:3      | Reached skill level 3 in Fire Magic
  2205 | D:3      | Noticed Rayvis's ghost (amateur OpAs)
  2259 | D:2      | Reached XP level 4. HP: 3/30 MP: 4/7
  2974 | D:2      | Found a shadowy altar of Dithmenos.
  3017 | D:2      | Found a radiant altar of Vehumet.
  3223 | D:2      | Became a worshipper of Vehumet
  3548 | D:3      | Learned a level 3 spell: Conjure Flame
  3558 | D:3      | Reached XP level 5. HP: 35/35 MP: 8/8
  3595 | D:3      | Noticed Natasha
  3604 | D:3      | Killed Natasha
  3739 | D:3      | Noticed Ijyb
  3752 | D:3      | Killed Ijyb
  3960 | D:3      | Killed Rayvis's ghost
  3960 | D:3      | Reached skill level 4 in Conjurations
  3960 | D:3      | Reached XP level 6. HP: 35/41 MP: 1/9
  4208 | D:3      | Noticed Natasha
  4218 | D:3      | Killed Natasha
  4429 | D:3      | Reached * piety under Vehumet
  4429 | D:3      | Offered knowledge of Freeze by Vehumet.
  4535 | D:3      | Noticed Natasha
  4538 | D:3      | Killed Natasha
  4836 | D:3      | Found a snail-covered altar of Cheibriados.
  4951 | D:4      | Found a glowing golden altar of the Shining One.
  5163 | D:4      | Found a sparkling altar of Nemelex Xobeh.
  5373 | D:4      | Found a blossoming altar of Fedhas.
  5374 | D:4      | Noticed Pikel
  6517 | D:4      | Killed Pikel
  6517 | D:4      | Reached skill level 5 in Conjurations
  6517 | D:4      | Reached skill level 5 in Fire Magic
  6517 | D:4      | Reached XP level 7. HP: 46/46 MP: 3/10
  6675 | D:4      | Learned a level 4 spell: Sticky Flame
  6701 | D:5      | Entered Level 5 of the Dungeon
  6788 | D:5      | Found Zekuinoe's Armour Shop.
  6837 | D:5      | Found a stormy altar of Qazlal.
  6841 | D:5      | Reached XP level 8. HP: 52/52 MP: 11/11
  6902 | D:5      | Found a staircase to the Ecumenical Temple.
  7320 | D:5      | Noticed evilmojo's ghost (amateur MiFi)
  7337 | D:5      | Killed evilmojo's ghost
  7337 | D:5      | Reached skill level 6 in Conjurations
  7592 | D:5      | Noticed Prince Ribbit
  7602 | D:5      | Killed Prince Ribbit
  7712 | D:5      | Found a shattered altar of Ashenzari.
  8383 | D:6      | Reached skill level 7 in Conjurations
  8392 | D:6      | Reached ** piety under Vehumet
  8493 | D:6      | Offered knowledge of Searing Ray by Vehumet.
  8651 | D:6      | Reached XP level 9. HP: 53/57 MP: 12/12
  9335 | D:7      | Noticed Joseph
  9683 | D:6      | Reached skill level 8 in Conjurations
 10729 | D:7      | Killed Joseph
 11139 | D:7      | Found Qupynoc's Antique Armour Emporium.
 11150 | D:7      | Bought a glowing helmet for 103 gold pieces
 11222 | D:7      | Found a shimmering altar of Xom.
 11578 | D:7      | Offered knowledge of Throw Frost by Vehumet.
 12413 | D:8      | Reached XP level 10. HP: 63/63 MP: 13/13
 12606 | D:8      | Reached skill level 9 in Conjurations
 12796 | D:8      | Learned a level 5 spell: Fireball
 12812 | D:8      | Reached *** piety under Vehumet
 13104 | D:8      | Found a staircase to the Lair.
 13105 | D:8      | Noticed a komodo dragon
 13309 | D:8      | Killed a komodo dragon
 13788 | D:8      | Found a glowing silver altar of Zin.
 13857 | Lair:1   | Entered Level 1 of the Lair of Beasts
 13863 | Lair:1   | Offered knowledge of Static Discharge by Vehumet.
 13888 | Lair:1   | Noticed a five-headed hydra
 13900 | Lair:1   | Killed a five-headed hydra
 14310 | Lair:1   | Reached skill level 10 in Conjurations
 14313 | Lair:1   | Reached skill level 10 in Fire Magic
 14618 | Lair:1   | Noticed a six-headed hydra
 14624 | Lair:1   | Got a shimmering long sword
 14626 | Lair:1   | Identified the +5 long sword of Niusehonik {drain, +Fly rElec} (You found it on level 1 of the Lair of Beasts)
 14675 | Lair:1   | Killed a six-headed hydra
 14675 | Lair:1   | Reached XP level 11. HP: 19/69 MP: 6/14
 14876 | Lair:1   | Reached skill level 1 in Fighting
 15144 | Lair:1   | Reached **** piety under Vehumet
 15373 | Lair:1   | Offered knowledge of Iskenderun's Mystic Blast by Vehumet.
 15429 | Lair:1   | Noticed Fannar
 15475 | Lair:1   | Killed Fannar
 16714 | Lair:2   | Noticed Urug
 16928 | Lair:2   | Noticed a five-headed hydra
 16934 | Lair:2   | Killed a five-headed hydra
 17399 | Lair:2   | Reached skill level 11 in Conjurations
 17564 | Lair:2   | Learned a level 4 spell: Iskenderun's Mystic Blast
 17717 | Lair:2   | Got an encrusted scythe
 17719 | Lair:2   | Identified the +5 scythe "Luad" {freeze, rElec Int+3} (You found it on level 2 of the Lair of Beasts)
 17753 | Lair:2   | Killed Urug
 18058 | Lair:3   | Noticed a five-headed hydra
 18099 | Lair:3   | Killed a five-headed hydra
 18345 | Lair:3   | Reached XP level 12. HP: 54/82 MP: 14/18
 18351 | Lair:3   | Learned a level 2 spell: Repel Missiles
 21177 | Lair:4   | Noticed a four-headed hydra
 21199 | Lair:4   | Killed a four-headed hydra
 21700 | Lair:4   | Reached skill level 5 in Fighting
 21753 | Lair:4   | Reached skill level 5 in Spellcasting
 22047 | Lair:4   | Reached skill level 12 in Conjurations
 22048 | Lair:4   | Reached ***** piety under Vehumet
 22048 | Lair:4   | Offered knowledge of Delayed Fireball by Vehumet.
 22731 | Lair:4   | Learned a level 7 spell: Delayed Fireball
 23453 | Lair:5   | Noticed a six-headed hydra
 23453 | Lair:5   | Noticed a seven-headed hydra
 23499 | Lair:4   | Gained mutation: You are in touch with the powers of death. [Mummy growth]
 23499 | Lair:4   | Gained mutation: You can restore your body by infusing magical energy. [Mummy growth]
 23499 | Lair:4   | Reached XP level 13. HP: 59/92 MP: 21/21
 24483 | Lair:5   | Killed a seven-headed hydra
 24941 | Lair:5   | Killed a six-headed hydra
 24941 | Lair:5   | Reached skill level 5 in Dodging
 25673 | Lair:5   | Found a staircase to the Snake Pit.
 27439 | Lair:5   | Learned a level 2 spell: Blink
 27802 | Lair:6   | Found a staircase to the Shoals.
 28690 | Lair:5   | Offered knowledge of Irradiate by Vehumet.
 29365 | Lair:6   | Slain by a death yak

Vault maps used:
D:1:      eino_arrival_cavern_d
D:2:      old_standard_altar, grunt_dithmenos_smoke, vehumet_crystals,
          first_bread
D:3:      cheibriados_altar_1, gup_sewer_entry_glass, uniq_iyjb, uniq_natasha
D:4:      lemuel_crystal_altar, kennysheep_little_box, old_standard_altar,
          minmay_door_square, uniq_pikel
D:5:      nicolae_qazlal_eye_of_the_storm, ashenzari_altar_1,
          minmay_temple_entry_large_hall, serial_shops,
          nicolae_shop_temple_entry_statues_fountains, serial_bayou_pond_a,
          uniq_prince_ribbit1
D:7:      overflow_temple_1_default, serial_shops, shop, the_bakery,
          kennysheep_generic_room_15, uniq_joseph
D:8:      zin_treasury, david_lair_shrubbed
Lair:1:   infiniplex_staircase_pool, grunt_megastairs_5, uniq_fannar
Lair:2:   gammafunk_lair_bear_cave, uniq_urug
Lair:4:   minmay_stone_trees_medium, eino_small_chamber_without_monster,
          grunt_megastairs_2
Lair:5:   minmay_snake_entry_guardpost_medium
Lair:6:   minmay_shoals_entry_beasts

Action                   |  1- 3 |  4- 6 |  7- 9 | 10-12 | 13-15 || total
-------------------------+-------+-------+-------+-------+-------++-------
Melee: Dagger            |     8 |       |       |       |       ||     8
       Falchion          |       |     6 |       |       |       ||     6
       Whip              |       |       |    10 |       |       ||    10
       Long sword        |       |       |       |    48 |       ||    48
       Scythe            |       |       |       |    68 |    34 ||   102
 Fire: Shortbow          |       |       |    68 |       |       ||    68
Throw: Tomahawk          |       |     8 |     1 |    34 |     1 ||    44
 Cast: Flame Tongue      |    70 |   212 |   281 |   141 |       ||   704
       Conjure Flame     |       |     8 |    10 |    22 |    17 ||    57
       Sticky Flame      |       |       |     2 |    68 |    21 ||    91
       Fireball          |       |       |       |    54 |    66 ||   120
       Iskenderun's Myst |       |       |       |    41 |    50 ||    91
       Delayed Fireball  |       |       |       |     1 |     1 ||     2
       Repel Missiles    |       |       |       |     1 |     1 ||     2
 Abil: Release Delayed F |       |       |       |       |     1 ||     1
Evoke: Wand              |       |       |     2 |     8 |       ||    10
  Use: Scroll            |     3 |       |     2 |    12 |     1 ||    18
 Stab: Sleeping          |       |       |     1 |       |       ||     1
